 Dungeon Crawl Stone Soup version 0.30-a0-305-g026cb31310 (webtiles) character file.

Game seed: 3810727936331827217

42 bande the Covered (level 3, 0/24 HPs)
             Began as a Gargoyle Fighter on Oct 24, 2022.
             Slain by an orc
             ... wielding a +1 hand axe of electrocution
              (2 damage)
             ... on level 1 of the Dungeon.
             The game lasted 00:01:25 (951 turns).

bande the Covered (Gargoyle Fighter)                 Turns: 951, Time: 00:01:26

Health: 0/24       AC: 10    Str: 25    XL:     3   Next: 56%
Magic:  3/3        EV:  9    Int:  8    God:
Gold:   67         SH:  4    Dex: 11    Spells: 2/2 levels left

rFire   . . .      SeeInvis .    a - +0 war axe
rCold   . . .      Faith    .    c - +0 buckler
rNeg    + . .      Spirit   .    b - +0 scale mail
rPois   ∞          Reflect  .    (no helmet)
rElec   +          Harm     .    (no cloak)
rCorr   .          Rampage  .    (no gloves)
Will    .....                    (no boots)
Stlth   ..........               (no amulet)
HPRegen 0.24/turn                f - +6 ring of strength
MPRegen 0.08/turn                (no ring)

@: no status effects
A: sickness immunity, AC +3, negative energy resistance 1, electricity
resistance, torment resistance 1, petrification resistance
a: no special abilities


You were on level 1 of the Dungeon.
You visited 1 branch of the dungeon, and saw 2 of its levels.

You collected 67 gold pieces.

Inventory:

Hand Weapons
 a - a +0 war axe (weapon)
Armour
 b - a +0 scale mail (worn)
 c - a +0 buckler (worn)
Jewellery
 f - a +6 ring of strength (left hand)
Scrolls
 e - a scroll of identify {unknown}
 h - a scroll of immolation {unknown}
 i - a scroll of amnesia {unknown}
Potions
 d - a potion of might
 g - a potion of haste {unknown}
 j - a potion of curing {unknown}


   Skills:
 + Level 3.7 Fighting
 + Level 2.4 Axes
 + Level 3.7 Armour
 + Level 3.6 Shields


You had 2 spell levels left.
You didn't know any spells.
Your spell library contained the following spells:

 Spells                   Type           Power      Damage    Failure   Level
 Poisonous Vapours        Pois/Air       0%         N/A       90%         2
 Mephitic Cloud           Conj/Pois/Air  0%         N/A       99%         3
 Cigotuvi's Dreadful Rot  Necr/Pois/Air  Unusable   N/A       N/A         2

Dungeon Overview and Level Annotations

Branches:
Dungeon (2/15)

Altars:


Innate Abilities, Weirdness & Mutations

You are immune to sickness and miasma.
Your stone body is resilient. (AC +3)
You are immune to poison.
You resist negative energy. (rN+)
You are resistant to electric shocks. (rElec)
You are resistant to unholy torment.
You are immune to petrification.


Message History

An orc comes into view. It is wielding a +0 mace.
You hit the bat.
You kill the bat!
The ball python barely misses you. The ball python grabs you.
The ball python constricts you.
You hit the ball python.
You kill the ball python!
The orc priest miscasts a cantrip.
You barely miss the orc wizard.
The orc wizard hits you with a +0 dagger.
The orc priest calls down the wrath of Beogh upon you.
Beogh smites you!
Ouch! That really hurt!
* * * LOW HITPOINT WARNING * * *
You are too injured to fight recklessly!
You are too injured to fight recklessly!
You are too injured to fight recklessly!
You are too injured to fight recklessly!
You are too injured to fight recklessly!
You are too injured to fight recklessly!
Unknown command.
The orc wizard attacks as you move away!
The orc wizard hits you but does no damage.
The orc wizard mumbles some strange words.
The orc wizard flickers and vanishes!
Deactivating autopickup; reactivate with Ctrl-A.
The orc attacks as you move away! The orc hits you but does no damage.
The orc hits you but does no damage.
There is a stone staircase leading up here.
The orc hits you but does no damage.
You climb upwards.
Reactivating autopickup.
There is a stone staircase leading down here.
Unknown command.
You hit the orc.
The orc is moderately wounded.
You barely miss the orc. The orc hits you with a +0 mace.
* * * LOW HITPOINT WARNING * * *
The orc hits you with a +1 hand axe of electrocution.
You die...

#.........##........#
#.........##........#
#.........'.........#########
#.........###+###÷..........#
#######.......###...........#
#.......#.............#
#.......#.#.###########
########.......#o#.#
.......'.......o@#.#
.#######.......###.# .#
#.......#...# ####
##############.#.### ####...
.......# #......# ♣♣♣.....#
######.# #....#.##### ♣⌠..#...#
.....#.# #....#.##<.# ♣♣♣.#...#
.###.#.# #....#.##..#####.#[..#
.#.#.#.#####....#.##'##...'.##.##


You could see 2 orcs.

Vanquished Creatures
  4 dart slugs (D:1)
  2 endoplasms (D:1)
  3 giant cockroaches (D:1)
  5 goblins (D:1)
  3 hobgoblins
  3 quokkas (D:1)
  A ball python (D:2)
  3 bats
  A frilled lizard (D:1)
  2 kobolds (D:1)
  4 rats (D:1)
31 creatures vanquished.

Notes
Turn   | Place    | Note
-------+----------+-------------------------------------------
     0 | D:1      | bande the Gargoyle Fighter began the quest for the Orb.
     0 | D:1      | Reached XP level 1. HP: 14/14 MP: 1/1
    48 | D:1      | Reached XP level 2. HP: 19/19 MP: 2/2
   376 | D:1      | Reached XP level 3. HP: 24/24 MP: 3/3
   951 | D:1      | Slain by an orc

Illustrated notes

Levels and vault maps discovered:
D:1:      sevenhm_arrival_forest_fort_small_3, layout_basic
D:2:      minmay_door_path, layout_rooms, kennysheep_generic_room_12

Skill      XL: |  1  2 |
---------------+-------+-----
Axes           | 2 |  2.4
Fighting       | |  3.7
Armour         | |  3.7
Shields        | |  3.6

Action                   || total
-------------------------++-------
Melee: War axe           ||    76
Armor: Scale mail        ||    42
Dodge: Dodged            ||    42
Block: Buckler           ||    10

Table legend: (Time is in decaauts)
 A = Elapsed time spent in this place.
 B = Non-inter-level travel time spent in this place.
 C = Inter-level travel time spent in this place.
 D = Time resting spent in this place.
 E = Time spent auto-exploring this place.
 F = Levels seen in this place.
 G = Mean time per level.
                   A        B        C        D        E       F      G
               +--------+--------+--------+--------+--------+-----+--------+
         Total |    984 |    984 |      0 |      0 |    778 |   2 |  492.0 |
       Dungeon |    984 |    984 |      0 |      0 |    778 |   2 |  492.0 |
               +--------+--------+--------+--------+--------+-----+--------+

Top non-repeatable levels by time:
     D:1: 962 daAuts
     D:2: 21 daAuts
